 Dungeon Crawl Stone Soup version 0.24.0-123-gd5b16e6ec5 (webtiles) character file.

Game seed: 4390332537525776343, levelgen mode: deterministic

60 SeryemCrawl the Magician (level 4, -1/32 HPs)
             Began as a Gnoll Wizard on Jan 9, 2020.
             Slain by a gnoll
             ... wielding a +0 spear
              (6 damage)
             ... on level 2 of the Dungeon.
             The game lasted 00:02:51 (1540 turns).

SeryemCrawl the Magician (Gnoll Wizard)             Turns: 1540, Time: 00:02:52

Health: -1/32      AC:  2    Str:  9    XL:     4   Next: 4%
Magic:  10/13      EV: 14    Int: 22    God:
Gold:   92         SH:  0    Dex: 13    Spells: 9/17 levels left

rFire    . . .     SeeInvis .   e - +0 dagger
rCold    . . .     Gourm    .   (no shield)
rNeg     . . .     Faith    .   a - +0 robe
rPois    .         Spirit   .   b - +0 hat
rElec    .         Reflect  .   (no cloak)
rCorr    .         Harm     .   (no gloves)
MR       .....                  (no boots)
Stlth    +++.......             (no amulet)
HPRegen  0.10/turn              (no ring)
MPRegen  0.13/turn              (no ring)

@: slowed, very slow
A: distributed training, fangs 1, strong nose
a: no special abilities


You were on level 2 of the Dungeon.
You were not hungry.

You visited 1 branch of the dungeon, and saw 2 of its levels.

You collected 92 gold pieces.

Inventory:

Hand Weapons
 e - a +0 dagger (weapon)
Armour
 a - a +0 robe (worn)
 b - a +0 hat (worn)
Jewellery
 g - an uncursed ring of stealth {unknown}
 n - an uncursed amulet of rage {unknown}
Scrolls
 c - a scroll of enchant weapon {unknown}
 f - 2 scrolls of fog {unknown}
 h - a scroll of fear {unknown}
 k - a scroll of remove curse {unknown}
 m - a scroll of teleportation {unknown}
 q - a scroll of identify {unknown}
Potions
 i - a potion of agility {unknown}
 j - a potion of degeneration {unknown}
 l - 2 potions of curing {unknown}
 o - a potion of flight {unknown}
Comestibles
 d - 4 rations


   Skills:
 + Level 1.0 Fighting
 + Level 1.0 Short Blades
 + Level 1.0 Long Blades
 + Level 1.0 Axes
 + Level 1.0 Maces & Flails
 + Level 1.0 Polearms
 + Level 1.0 Staves
 + Level 1.0 Slings
 + Level 1.0 Bows
 + Level 1.0 Crossbows
 + Level 1.0 Throwing
 + Level 1.0 Armour
 + Level 4.6 Dodging
 + Level 4.2 Stealth
 + Level 1.0 Shields
 + Level 1.0 Unarmed Combat
 + Level 7.2 Spellcasting
 + Level 2.2 Conjurations
 + Level 0.7 Hexes
 + Level 0.7 Charms
 + Level 2.2 Summonings
 + Level 0.7 Necromancy
 + Level 2.2 Translocations
 + Level 0.7 Transmutations
 + Level 0.7 Fire Magic
 + Level 0.7 Ice Magic
 + Level 0.7 Air Magic
 + Level 0.7 Earth Magic
 + Level 0.7 Poison Magic
 + Level 1.1 Invocations
 + Level 1.0 Evocations


You had 9 spell levels left.
You knew the following spells:

 Your Spells              Type           Power        Failure   Level  Hunger
a - Magic Dart            Conj           ###.         3%          1    None
b - Call Imp              Summ           ###.....     4%          2    None
c - Blink                 Tloc           N/A          4%          2    None
d - Conjure Flame         Conj/Fire      ##......     13%         3    None

Your spell library contained the following spells:

 Spells                   Type           Power        Failure   Level  Hunger
 Slow                     Hex            ##......     9%          2    None
 Mephitic Cloud           Conj/Pois/Air  ##......     14%         3    None


Dungeon Overview and Level Annotations

Branches:
Dungeon (2/15)

Altars:
Makhleb

Annotations:
D:2 Natasha


Innate Abilities, Weirdness & Mutations

Your experience applies equally to all skills.
You have very sharp teeth.
Your uncanny sense of smell can sniff out nearby items.


Message History

A gnoll comes into view. It is wielding a +0 flail.
Natasha claws you.
The crimson imp shouts, "Embrace thy failure, thou impertinent beef-witted clam!"
Natasha casts a spell.
Natasha claws you. The hobgoblin hits you with a +0 club.
The crimson imp blinks!
Natasha casts a spell.
The hobgoblin misses you. Natasha misses you.
The crimson imp blinks!
Natasha claws you.
* * * LOW HITPOINT WARNING * * *
The hobgoblin barely misses you.
Casting: Magic Dart (safe; 3% risk of failure)
Confirm with . or Enter, or press ? or * to list all spells.
A beastly little devil appears in a puff of flame.
The gnoll shouts!
The gnoll misses your crimson imp. Natasha claws you.
* * * LOW HITPOINT WARNING * * *
The gnoll hits you from afar with a +0 spear.
You die...

.................###.......##....
..#...#######5..#.#.###..####.##.
..##.## #...##.## #.......###
..##.# #..g#### ##.###### ≈.≈#.#
#.§.# #.# ≈≈...###### #..5# #.#
≈≈..((....###.gg## #.# ###
≈≈...#........5gh# #.######..
≈≈...#.##.##.#.#@# #.<....#.#
≈≈...#....##.#.#.# ########.#.#
.≈..##.........#.#####...........
≈≈..##.......###..........#..##.#
≈≈.........)).....####.#.##..##..
≈..#.#######<....## #.#..#..####
#. ###.### #.##........ # #.#
#.##..####.# ###.### #.....##....


You could see Natasha, 3 gnolls, a crimson imp, a white imp, a hobgoblin and a
friendly crimson imp.

Vanquished Creatures
  A gnoll (D:2)
  A dart slug (D:1)
  2 leopard geckos
  2 bats (D:1)
  3 hobgoblins (D:1)
  3 jackals (D:1)
  4 frilled lizards
  3 goblins (D:1)
  5 kobolds
  5 rats (D:1)
29 creatures vanquished.

Vanquished Creatures (collateral kills)
  Natasha (D:2)
  A quokka (D:2)
2 creatures vanquished.

Grand Total: 31 creatures vanquished

Notes
Turn   | Place    | Note
-------+----------+-------------------------------------------
     0 | D:1      | SeryemCrawl the Gnoll Wizard began the quest for the Orb.
     0 | D:1      | Reached XP level 1. HP: 13/13 MP: 8/8
   155 | D:1      | Reached XP level 2. HP: 19/19 MP: 8/10
   159 | D:1      | Learned a level 2 spell: Call Imp
   162 | D:1      | Learned a level 2 spell: Blink
   660 | D:1      | Reached XP level 3. HP: 25/25 MP: 6/11
   849 | D:2      | Noticed Natasha
  1004 | D:2      | Killed Natasha
  1004 | D:2      | Reached skill level 1 in Invocations
  1012 | D:2      | Noticed Natasha
  1367 | D:2      | Found a burning altar of Makhleb.
  1514 | D:2      | Reached skill level 1 in Fighting
  1514 | D:2      | Reached skill level 1 in Short Blades
  1514 | D:2      | Reached skill level 1 in Long Blades
  1514 | D:2      | Reached skill level 1 in Axes
  1514 | D:2      | Reached skill level 1 in Maces & Flails
  1514 | D:2      | Reached skill level 1 in Polearms
  1514 | D:2      | Reached skill level 1 in Staves
  1514 | D:2      | Reached skill level 1 in Slings
  1514 | D:2      | Reached skill level 1 in Bows
  1514 | D:2      | Reached skill level 1 in Crossbows
  1514 | D:2      | Reached skill level 1 in Throwing
  1514 | D:2      | Reached skill level 1 in Armour
  1514 | D:2      | Reached skill level 1 in Shields
  1514 | D:2      | Reached skill level 1 in Unarmed Combat
  1514 | D:2      | Reached skill level 1 in Evocations
  1514 | D:2      | Reached XP level 4. HP: 32/32 MP: 9/13
  1523 | D:2      | Learned a level 3 spell: Conjure Flame
  1540 | D:2      | Slain by a gnoll

Levels and vault maps discovered:
D:1:      mainiacjoe_arrival_reflecting_pool, layout_basic, minmay_pentomino_p4
D:2:      layout_loops_cross, old_standard_altar, serial_rivers,
          chequers_serial_rivers_small_a, chequers_serial_rivers_large_a,
          chequers_serial_rivers_micro_e, chequers_serial_rivers_room_b,
          chequers_serial_rivers_small_b, chequers_serial_rivers_small_3,
          minmay_diced_spiral, uniq_natasha

Skill      XL: |  1  2  3 |
---------------+----------+-----
Conjurations   | 2 |  2.2
Summonings     | 2 |  2.2
Translocations | 2 |  2.2
Invocations    | 1 |  1.1
Fighting       | 1 |  1.0
Short Blades   | 1 |  1.0
Long Blades    | 1 |  1.0
Axes           | 1 |  1.0
Maces & Flails | 1 |  1.0
Polearms       | 1 |  1.0
Staves         | 1 |  1.0
Slings         | 1 |  1.0
Bows           | 1 |  1.0
Crossbows      | 1 |  1.0
Throwing       | 1 |  1.0
Armour         | 1 |  1.0
Shields        | 1 |  1.0
Unarmed Combat | 1 |  1.0
Evocations     | 1 |  1.0
Dodging        | |  4.6
Stealth        | |  4.2
Spellcasting   | |  7.2
Hexes          | |  0.7
Charms         | |  0.7
Necromancy     | |  0.7
Transmutations | |  0.7
Fire Magic     | |  0.7
Ice Magic      | |  0.7
Air Magic      | |  0.7
Earth Magic    | |  0.7
Poison Magic   | |  0.7

Action                   |  1- 3 |  4- 6 || total
-------------------------+-------+-------++-------
Melee: Dagger            |    28 |       ||    28
 Cast: Magic Dart        |    52 |     2 ||    54
       Call Imp          |     6 |     1 ||     7
  Eat: Chunk             |     2 |       ||     2
Armor: Robe              |     8 |       ||     8
Dodge: Dodged            |    36 |     8 ||    44
